 Dungeon Crawl Stone Soup version 0.24.0-1-gfbc8707122 (webtiles) character file.

Game seed: 11063233273338799789, levelgen mode: deterministic

4368 GordonOverkill the Severer (level 10, -3/78 HPs)
             Began as a Minotaur Berserker on Oct 25, 2019.
             Was an Elder of Trog.
             Slain by an orc warrior
             ... wielding a +0 halberd
              (24 damage)
             ... in a bailey.
             The game lasted 00:44:20 (8967 turns).

GordonOverkill the Severer (Minotaur Berserker)     Turns: 8967, Time: 00:44:21

Health: -3/78      AC: 10    Str: 26    XL:     10   Next: 13%
Magic:  6/9        EV: 10    Int:  4    God:    Trog [****..]
Gold:   491        SH:  0    Dex:  9    Spells: 9/9 levels left

rFire    + . .     SeeInvis .   n - +2 hand axe (flame)
rCold    . . .     Gourm    +   (no shield)
rNeg     . . .     Faith    .   w - +1 chain mail {rF+}
rPois    .         Spirit   .   (helmet restricted)
rElec    .         Reflect  .   (no cloak)
rCorr    .         Harm     .   (no gloves)
MR       .....                  g - -1 pair of boots
Stlth    ..........             y - amulet of the gourmand
HPRegen  0.23/turn              (no ring)
MPRegen  0.11/turn              (no ring)

@: berserk cooldown, slowed, very slow
A: retaliatory headbutt, horns 2
a: Berserk, Trog's Hand, Brothers in Arms, Renounce Religion


You were in a bailey.
You worshipped Trog.
Trog was greatly pleased with you.
You were very full.

You visited 2 branches of the dungeon, and saw 9 of its levels.
You also visited: Ossuary and Bailey.

You collected 491 gold pieces.

Inventory:

Hand Weapons
 h - a +0 war axe
 n - a +2 hand axe of flaming (weapon)
 H - a +0 arbalest
 I - a +1 hand axe of draining
 L - a +1 antimagic battleaxe
Missiles
 v - 10 boomerangs (quivered)
 C - 7 silver javelins
 J - 74 bolts
Armour
 g - a -1 pair of boots (worn)
 w - a +1 chain mail of fire resistance (worn)
Jewellery
 t - an uncursed ring of ice
 y - an amulet of the gourmand (around neck)
Wands
 c - a wand of flame (13)
Scrolls
 d - 5 scrolls of remove curse
 i - a scroll of immolation
 j - 2 scrolls of enchant weapon
 k - 4 scrolls of identify
 l - 4 scrolls of blinking
 m - 3 scrolls of teleportation
 q - a scroll of fog {unknown}
 r - a scroll of fear {unknown}
 D - a scroll of acquirement {unknown}
Potions
 a - a potion of haste
 b - a potion of might {unknown}
 f - 2 potions of curing
 o - 5 potions of heal wounds
 p - 3 potions of flight
 s - 3 potions of lignification {unknown}
 u - 2 potions of agility
 x - a potion of ambrosia {unknown}
 z - a potion of cancellation {unknown}
 B - a potion of mutation {unknown}
 E - a potion of magic {unknown}
 F - a potion of invisibility {unknown}
 G - a potion of degeneration {unknown}
Comestibles
 e - 16 rations
 K - 3 chunks of flesh


   Skills:
 + Level 4.0 Fighting
 - Level 16.0 Axes
 - Level 4.0 Armour
 - Level 4.0 Dodging


You had 9 spell levels left.
You didn't know any spells.
Your spell library was empty.

Dungeon Overview and Level Annotations

Branches:
Dungeon (8/15)             Temple (1/1) D:7         Ossuary (visited)
 Bailey (1/1)
   Lair: D:8-11

Altars:
Ashenzari
Kikubaaqudgha
Nemelex Xobeh
Ru
Sif Muna
Vehumet
Wu Jian
Xom
The Shining One

Shops:
D:7 :

Annotations:
D:6 1 runed translucent door, Emblim88's ghost, novice MiMo
D:8 2 transporters


Innate Abilities, Weirdness & Mutations

You reflexively headbutt those who attack you in melee.
You have a pair of horns on your head.


Message History

Your ogre hits the orc knight with a +0 giant spiked club!
The orc knight dies!
Trog accepts your kill.
Training target 16.0 for Axes reached!
Your Axes skill increases to level 16!
You need to enable at least one skill for training.
Your ogre barely misses the orc warrior.
The orc warrior closely misses your ogre.
Your ogre closely misses the orc warrior.
The orc warrior hits your ogre with a +0 halberd!!
Your ogre barely misses the orc warrior.
The orc warrior hits your ogre with a +0 halberd!!
Your ogre dies!
Your ogre's corpse disappears in a puff of smoke!
You fail to use your ability.
Your two-headed ogre goes berserk!
You feel quite a bit less full. Trog will no longer gift you weapons.
The orc warrior hits you from afar with a +0 halberd!!
You die...

.##≈...............≈##.##≈......#
^..≈...............≈).^..≈......#
)∩#≈...............≈#∩.##≈......#
.#≈≈......###......≈≈#.#≈≈......#
≈≈≈....#########....≈≈≈≈≈.......#
......##.......##...............#
.....##..#'#'#..## ............#
.....#..##)#)##..# ............#
....##.#########@# ............#
....##.')#!o #)'O# ............#
.... #.###._ ###o# ............#
.... #.')#.o #)'.# ............#
.... #.####'####)# ............#
....##..##∩.o##..# ............#
........##'''#).## ............#
........##...).##...............#
≈≈≈.....##...§##....≈≈≈≈≈.......#


You could see an orc warrior and a friendly two-headed ogre (berserk).

Vanquished Creatures
  3 sky beasts
  Duvessa (D:5)
  11 orc warriors (Bailey)
  A phantom (D:2)
  An ice beast (D:7)
  A centaur (D:3)
  A big kobold (D:7)
  An elf zombie (D:8)
  2 bullfrogs
  2 wyvern zombies (Ossuary)
  An elf skeleton (D:8)
  Dowan (D:5)
  3 scorpions
  A howler monkey (D:8)
  5 crimson imps
  2 bullfrog zombies (Ossuary)
  2 centaur zombies (Ossuary)
  4 hounds
  6 orc wizards
  10 orc priests
  Ijyb (D:5)
  An iguana (D:4)
  6 worker ants
  3 hound zombies (Ossuary)
  A hound skeleton (D:7)
  13 mummies (Ossuary)
  A howler monkey zombie (Ossuary)
  4 worker ant zombies (Ossuary)
  2 adders
  3 gnolls (D:3)
  A shadow imp (D:3)
  2 adder skeletons (D:4)
  8 adder zombies
  4 worms
  2 leopard geckos
  49 orcs
  2 giant cockroaches
  10 hobgoblins
  7 jackals
  3 quokkas
  A ball python zombie (D:6)
  4 bats
  2 frilled lizards (D:1)
  9 goblins
  3 jackal skeletons
  7 kobolds
  A leopard gecko skeleton (D:6)
  5 rats
214 creatures vanquished.

Vanquished Creatures (collateral kills)
  An orc knight (Bailey)
  2 orc warriors (Bailey)
3 creatures vanquished.

Vanquished Creatures (others)
  A withered plant (Ossuary)
1 creature vanquished.

Grand Total: 218 creatures vanquished

Notes
Turn   | Place    | Note
-------+----------+-------------------------------------------
     0 | D:1      | GordonOverkill the Minotaur Berserker began the quest for
                  | the Orb.
     0 | D:1      | Reached XP level 1. HP: 19/19 MP: 0/0
   672 | D:1      | Reached XP level 2. HP: 27/27 MP: 1/1
   675 | D:1      | Reached skill level 4 in Axes
  1528 | D:2      | Reached ** piety under Trog
  1528 | D:2      | Reached XP level 3. HP: 33/33 MP: 2/2
  2103 | D:2      | Noticed a phantom
  2209 | D:2      | Killed a phantom
  2209 | D:2      | Reached skill level 5 in Axes
  2209 | D:2      | Reached XP level 4. HP: 40/40 MP: 3/3
  2209 | D:2      | Reached XP level 5. HP: 46/46 MP: 4/4
  2609 | D:3      | Noticed a centaur
  2731 | D:3      | Reached skill level 6 in Axes
  3112 | D:3      | Reached XP level 6. HP: 43/52 MP: 5/5
  3219 | D:3      | Reached skill level 7 in Axes
  3397 | D:3      | Reached *** piety under Trog
  3671 | D:4      | Reached skill level 8 in Axes
  3776 | D:4      | Reached XP level 7. HP: 59/59 MP: 6/6
  4009 | D:4      | Reached skill level 9 in Axes
  4175 | D:4      | Found a sparkling altar of Nemelex Xobeh.
  4442 | D:5      | Entered Level 5 of the Dungeon
  4504 | D:5      | Noticed Dowan
  4504 | D:5      | Noticed Duvessa
  4528 | D:5      | Killed Duvessa
  4528 | D:5      | Reached skill level 10 in Axes
  4530 | D:5      | Killed Dowan
  4530 | D:5      | Reached XP level 8. HP: 65/66 MP: 7/7
  4662 | D:5      | Reached skill level 11 in Axes
  4745 | D:5      | Found a radiant altar of Vehumet.
  4899 | D:5      | Noticed Ijyb
  4906 | D:5      | Killed Ijyb
  4986 | D:5      | Received a gift from Trog
  5139 | D:6      | Found a glowing golden altar of the Shining One.
  5192 | D:6      | Reached **** piety under Trog
  5192 | D:6      | Reached skill level 12 in Axes
  5281 | D:6      | Found a runed translucent door.
  5282 | D:6      | Noticed Emblim88's ghost (novice MiMo)
  5530 | D:7      | Found a sacrificial altar of Ru.
  5577 | D:7      | Found a staircase to the Ecumenical Temple.
  5588 | Temple   | Entered the Ecumenical Temple
  5854 | D:7      | Reached skill level 13 in Axes
  5864 | D:7      | Reached XP level 9. HP: 71/71 MP: 8/8
  5982 | D:7      | Found Zuityony's Book Emporium.
  6220 | D:8      | Found a transporter.
  6226 | D:8      | Found a transporter.
  6227 | D:8      | Noticed a great orb of eyes
  6288 | D:8      | Found a sand-covered staircase.
  6303 | Ossuary  | Entered an ossuary
  6374 | Ossuary  | Reached skill level 14 in Axes
  6472 | Ossuary  | Reached ***** piety under Trog
  6862 | D:8      | Found a flagged portal.
  6868 | Bailey   | Entered a bailey
  7758 | Bailey   | Reached skill level 15 in Axes
  8840 | Bailey   | Reached XP level 10. HP: 76/78 MP: 9/9
  8940 | Bailey   | Found a roughly hewn altar of Beogh.
  8940 | Bailey   | Noticed an orc knight
  8962 | Bailey   | Killed an orc knight
  8962 | Bailey   | Reached skill level 16 in Axes
  8967 | Bailey   | Slain by an orc warrior

Levels and vault maps discovered:
D:1:      minmay_arrival_four_houses, layout_basic, patterned_corridor
D:2:      layout_loops_cross, nrook_uturn
D:3:      layout_loops_cross, first_ration
D:4:      layout_basic, nemelex_altar_shiori
D:5:      layout_basic, vehumet_altar_wand_db, uniq_duvessa, uniq_ijyb
D:6:      layout_basic, kennysheep_mini, gammafunk_ghost_grave,
          corexii_corridor_pit
D:7:      layout_layer_cave, lemuel_temple_firewalk_b, serial_shops,
          kennysheep_mini_moat, basic_altar
D:8:      gammafunk_jiyva_shrine, layout_loops_ring, enter_bailey_2,
          nicolae_ossuary_entry_catacombs
Temple:   regret_index_temple_chain_breaker
Bailey:   bailey_polearm_2, bailey

Skill      XL: |  1  2  3  4  5  6  7  8  9 10 |
---------------+-------------------------------+-----
Axes           | 4 5 6 8 10 13 15 16 | 16.0
Fighting       | 4 |  4.0
Armour         | 3 4 |  4.0
Dodging        | 3 4 |  4.0

Action                   |  1- 3 |  4- 6 |  7- 9 | 10-12 || total
-------------------------+-------+-------+-------+-------++-------
Melee: Hand axe          |    85 |    72 |   340 |    15 ||   512
       Headbutt          |     3 |    11 |    71 |     1 ||    86
       War axe           |       |    31 |       |       ||    31
 Fire: Arbalest          |       |       |    59 |       ||    59
Throw: Stone             |     6 |       |       |       ||     6
       Javelin           |       |       |     3 |       ||     3
       Boomerang         |       |       |    11 |       ||    11
Invok: Berserk           |     7 |     5 |     9 |     2 ||    23
       Trog's Hand       |       |       |     2 |       ||     2
       Brothers in Arms  |       |       |       |     3 ||     3
Evoke: Wand              |       |       |     4 |     2 ||     6
  Use: Scroll            |       |     6 |     8 |       ||    14
       Potion            |       |       |     2 |       ||     2
  Eat: Chunk             |     8 |     9 |    44 |     1 ||    62
       Ration            |     1 |       |       |       ||     1
Armor: Animal skin       |     5 |       |       |       ||     5
       Ring mail         |    16 |     7 |       |       ||    23
       Chain mail        |       |    31 |   127 |     4 ||   162
Dodge: Dodged            |    38 |    31 |   128 |     4 ||   201
